 Dungeon Crawl Stone Soup version 0.29-a0-384-g6960b1960d (webtiles) character file.

Game seed: 12808973798995537657

16 spaghetti the Sneak (level 2, 26/26 HPs)
             Began as a Gnoll Brigand on May 7, 2022.
             Was a Follower of Vehumet.
             Quit the game on level 1 of the Dungeon.
             The game lasted 00:00:44 (372 turns).

spaghetti the Sneak (Gnoll Brigand)                  Turns: 372, Time: 00:00:45

Health: 26/26      AC:  3    Str: 10    XL:     2   Next: 54%
Magic:  2/2        EV: 12    Int: 10    God:    Vehumet [*.....]
Gold:   26         SH:  0    Dex: 13    Spells: 1/1 levels left

rFire   . . .      SeeInvis .   a - +2 dagger {short}
rCold   . . .      Faith    .   (no shield)
rNeg    . . .      Spirit   .   b - +0 robe
rPois   .          Reflect  .   (no helmet)
rElec   .          Harm     .   c - +0 cloak
rCorr   .          Rampage  .   (no gloves)
Will    .....                   (no boots)
Stlth   ++++......              (no amulet)
HPRegen 0.08/turn               (no ring)
MPRegen 0.08/turn               (no ring)

@: no status effects
A: fangs 1, strong nose, distributed training
a: Renounce Religion


You were on level 1 of the Dungeon.
You worshipped Vehumet.
Vehumet was aware of your devotion.
You visited 1 branch of the dungeon, and saw 1 of its levels.

You collected 26 gold pieces.


Innate Abilities, Weirdness & Mutations

You have very sharp teeth.
Your uncanny sense of smell can sniff out nearby items.
Your experience applies equally to all skills.


   Skills:
 + Level 4.5 Fighting
 + Level 4.5 Short Blades
 + Level 0.4 Long Blades
 + Level 0.4 Axes
 + Level 0.4 Maces & Flails
 + Level 0.4 Polearms
 + Level 0.4 Staves
 + Level 0.4 Slings
 + Level 0.4 Bows
 + Level 0.4 Crossbows
 + Level 4.5 Throwing
 + Level 0.4 Armour
 + Level 2.5 Dodging
 + Level 7.7 Stealth
 + Level 0.4 Shields
 + Level 0.4 Unarmed Combat
 + Level 0.4 Spellcasting
 + Level 0.2 Conjurations
 + Level 0.2 Hexes
 + Level 0.2 Summonings
 + Level 0.2 Necromancy
 + Level 0.2 Translocations
 + Level 0.2 Transmutations
 + Level 0.2 Fire Magic
 + Level 0.2 Ice Magic
 + Level 0.2 Air Magic
 + Level 0.2 Earth Magic
 + Level 0.2 Poison Magic
 + Level 0.5 Invocations
 + Level 0.4 Evocations


You had one spell level left.
You didn't know any spells.
Your spell library was empty.

Inventory:

Hand Weapons
 a - a +2 dagger (weapon) {short}
Missiles
 d - 9 poisoned darts (quivered) {throwing}
 e - 3 curare-tipped darts {=fthrowing}
 f - 39 stones {throwing}
Armour
 b - a +0 robe (worn)
 c - a +0 cloak (worn)
Scrolls
 g - a scroll of immolation {unknown}

Dungeon Overview and Level Annotations

Branches:
Dungeon (1/15)

Altars:
Vehumet

... #.. #.. #.##
#>. #######.####
...........#
##.####.##.# ∆ #.#
#.##@# #.# #.##.#
########.####.##.#
..............##.#
########.#.#..##.#
########.#...###.#
.........##### #.#
.#######.# #.# .#
#.# #.#


There were no monsters in sight!


Message History

The kobold hits you but does no damage.
You closely miss the kobold.
The kobold hits you with a +0 whip. 😕 HP[-4]
You take 4 damage, and now have 16/20 hp.
You hit the kobold.
You kill the kobold!
f - a stone {throwing} You see here a +0 whip {mace}.
You see here a +0 whip {mace}.
g - a scroll labelled ZUKHI SATRONN 😎 HP[+4]
Your hp is fully restored (20).
An endoplasm comes into view.
The helpless endoplasm fails to defend itself.
You stick the endoplasm like a pincushion!!!
You kill the endoplasm!
f - 20 stones {throwing} (gained 19)
You now have 14 gold pieces.
An endoplasm comes into view.
A frilled lizard comes into view.
The endoplasm hits you. 😕 HP[-1]
You take 1 damage, and now have 19/20 hp.
You barely miss the endoplasm. You hit the endoplasm. You bite the endoplasm.
The endoplasm hits you. 😕 HP[-2]
You take 2 damage, and now have 17/20 hp.
You hit the endoplasm but do no damage. The endoplasm closely misses you.
You hit the endoplasm but do no damage. The endoplasm closely misses you.
You hit the endoplasm but do no damage. The endoplasm freezes you.
You are frozen. 😕 HP[-1]
You take 1 damage, and now have 16/20 hp.
You hit the endoplasm. You hit the endoplasm.
You kill the endoplasm! 😕 HP[+1]
The helpless frilled lizard fails to defend itself.
You spit the frilled lizard like a pig!!!
You kill the frilled lizard!
Found a stone staircase leading down. 😎 HP[+3]
Your hp is fully restored (20).
There is a stone staircase leading down here.
An endoplasm and a rat come into view.
The helpless endoplasm fails to defend itself.
You stick the endoplasm like a pincushion!!!
You kill the endoplasm!
You have reached level 2! 😎 HP[+6] MP[+1]
You now have 26 max hp (+6).
Your hp is fully restored (26).
Your mp is fully restored (2).
The helpless rat fails to defend itself.
You spit the rat like a pig!!!
You kill the rat!
A dart slug comes into view.
You see here a rat corpse.
A quokka and a rat come into view.
A goblin comes into view. It is wielding a +0 club.
The helpless dart slug fails to defend itself.
You skewer the dart slug like a kebab!!!
You kill the dart slug!
The helpless goblin fails to defend itself.
You perforate the goblin like a sieve!!!
You kill the goblin!
The helpless quokka fails to defend itself.
You perforate the quokka like a sieve!!!
You kill the quokka!
The helpless rat fails to defend itself.
You stick the rat like a pincushion!!!
You kill the rat!
You now have 26 gold pieces (gained 12).
Things that are here:
a +0 club {mace}; a goblin corpse
f - 39 stones {throwing} (gained 19)
A rat comes into view.
A rat is nearby!
A rat is nearby!
The helpless rat fails to defend itself.
You spit the rat like a pig!!!
You kill the rat!
You see here a rat corpse.
Found a stone staircase leading down.
A quokka comes into view.
Found a faded altar of an unknown god.
There is a faded altar of an unknown god here.
The helpless quokka fails to defend itself.
You stick the quokka like a pincushion!!!
You kill the quokka!
There is a faded altar of an unknown god here.
You cannot tell which god this altar belongs to.
Convert to them anyway?
Vehumet accepts your prayer! Vehumet welcomes you!
You can now gain magical power from killing.
Vehumet offers you knowledge of Freeze.
Unknown command.
Press < or > to pray at altars.
Okay, then.
Are you sure you want to abandon this character and quit the game? (Confirm with "yes".)

Action                   || total
-------------------------++-------
Melee: Dagger            ||    20
       Bite              ||     1
 Stab: Sleeping          ||    11
Armor: Robe              ||     1
Dodge: Dodged            ||     3

Levels and vault maps discovered:
D:1:      lemuel_arrival_room, layout_loops_ring, basic_ecumenical_altar,
          kennysheep_boxes

Notes
Turn   | Place    | Note
-------+----------+-------------------------------------------
     0 | D:1      | spaghetti the Gnoll Brigand began the quest for the Orb.
     0 | D:1      | Reached XP level 1. HP: 20/20 MP: 1/1
     0 | D:1      | magus.rc [v1.9.6]
   284 | D:1      | Reached XP level 2. HP: 26/26 MP: 2/2
   365 | D:1      | Found a faded altar of an unknown god.
   371 | D:1      | Prayed at the altar of an unknown god.
   371 | D:1      | Became a worshipper of Vehumet
   371 | D:1      | Reached * piety under Vehumet
   371 | D:1      | Offered knowledge of Freeze by Vehumet.
   372 | D:1      | Quit the game

Vanquished Creatures
  A dart slug (D:1)
  4 endoplasms (D:1)
  A goblin (D:1)
  2 quokkas (D:1)
  A frilled lizard (D:1)
  A kobold (D:1)
  3 rats (D:1)
13 creatures vanquished.

Table legend:
 A = Non-vault XP
 B = Vault XP
 C = Vault XP percentage of total XP
 D = Non-vault monster count
 E = Vault monster count
 F = Vault count percentage of total count
                 A         B        C        D         E       F
            +---------+---------+-------+---------+---------+-------
      Total |      23 |       0 |   0.0 |      13 |       0 |   0.0
            +---------+---------+-------+---------+---------+-------
        D:1 |      23 |       0 |   0.0 |      13 |       0 |   0.0
            +---------+---------+-------+---------+---------+-------

Illustrated notes

Table legend:
 A = Kills in this place as a percentage of kills in entire the game.
 B = Kills by you in this place as a percentage of kills by you in the entire game.
 C = Kills by friends in this place as a percentage of kills by friends in the entire game.
 D = Other kills in this place as a percentage of other kills in the entire game.
 E = Experience gained in this place as a percentage of experience gained in the entire game.
 F = Experience gained in this place divided by the number of levels of this place that you have seen.
                   A       B       C       D       E      F
               +-------+-------+-------+-------+-------+----------------------
         Total | 100.0 | 100.0 |   N/A |   N/A | 100.0 |  23.0
       Dungeon | 100.0 | 100.0 |   N/A |   N/A | 100.0 |  23.0
               +-------+-------+-------+-------+-------+----------------------

Table legend: (Time is in decaauts)
 A = Elapsed time spent in this place.
 B = Non-inter-level travel time spent in this place.
 C = Inter-level travel time spent in this place.
 D = Time resting spent in this place.
 E = Time spent auto-exploring this place.
 F = Levels seen in this place.
 G = Mean time per level.
                   A        B        C        D        E       F      G
               +--------+--------+--------+--------+--------+-----+--------+
         Total |    367 |    367 |      0 |      0 |    281 |   1 |  367.0 |
       Dungeon |    367 |    367 |      0 |      0 |    281 |   1 |  367.0 |
               +--------+--------+--------+--------+--------+-----+--------+

Top non-repeatable levels by time:
     D:1: 367 daAuts
